 Dungeon Crawl Stone Soup version 0.29.0-4-gdea44cf6ec (webtiles) character file.

Game seed: 18315361768826475575

65 qw the Chopper (level 4, -6/25 (26) HPs)
             Began as a Tengu Warper on Aug 28, 2022.
             Mangled by a gnoll
             ... wielding a +2 flail of draining
              (7 damage)
             ... on level 4 of the Dungeon.
             The game lasted 00:00:16 (2895 turns).

qw the Chopper (Tengu Warper)                       Turns: 2895, Time: 00:00:17

HP:   -6/25 (26)    AC: 10    Str: 14    XL:     4   Next: 14%
MP:   8/8           EV:  6    Int: 13    God:
Gold: 129           SH:  0    Dex: 13    Spells: 7/7 levels left

rFire   . . .      SeeInvis .   Y - +0 hand axe
rCold   . . .      Faith    .   (no shield)
rNeg    . . .      Spirit   .   f - +0 chain mail
rPois   .          Reflect  .   (helmet restricted)
rElec   .          Harm     .   i - +0 cloak
rCorr   .          Rampage  .   d - +0 pair of gloves
Will    .....                   (boots unavailable)
Stlth   ..........              (no amulet)
HPRegen 0.08/turn               (no ring)
MPRegen 0.11/turn               (no ring)

@: lightly drained
A: beak, talons 3
a: no special abilities


You were on level 4 of the Dungeon.
You visited 1 branch of the dungeon, and saw 4 of its levels.

You collected 129 gold pieces.


Innate Abilities, Weirdness & Mutations

You have a beak for a mouth.
You have claws for feet.


   Skills:
 - Level 2.0 Fighting
 + Level 4.7 Axes
 - Level 1.0 Throwing
 - Level 1.1 Armour
 - Level 2.1 Dodging
 - Level 2.0 Spellcasting
 - Level 2.4 Translocations


You had 7 spell levels left.
You didn't know any spells.
Your spell library contained the following spells:

 Spells                   Type           Power      Damage    Failure   Level
 Blink                    Tloc           14%        N/A       99%         2
 Gell's Gravitas          Tloc           7%         N/A       100%        3
 Lesser Beckoning         Tloc           7%         N/A       100%        3
 Teleport Other           Tloc           7%         N/A       100%        3
 Manifold Assault         Tloc           7%         N/A       100%        5

Inventory:

Hand Weapons
 c - a +0 whip
 Y - a +0 hand axe (weapon)
Armour
 d - a +0 pair of gloves (worn)
 f - a +0 chain mail (worn)
 i - a +0 cloak (worn)
Scrolls
 a - 4 scrolls of identify
Potions
 b - a potion of cancellation

Dungeon Overview and Level Annotations

Branches:
Dungeon (4/15)
 Temple: D:4-7

Altars:
Xom
Lugonu

Portals:
Abyss: D:3

Annotations:
D:3 2 runed translucent doors


Message History

The gnoll throws a throwing net.
The throwing net hits you.
You become entangled in the net!
A gnoll comes into view. It is wielding a +0 spear.
The gnoll shouts!
You see here a throwing net.
2886 ||| Stepping ~*~*~tactically~*~*~ (hiding).
You tear a large gash into the net.
A gnoll comes into view. It is wielding a +2 flail of draining.
2887 ||| Stepping ~*~*~tactically~*~*~ (hiding).
You struggle against the net.
The gnoll shouts!
2888 ||| Stepping ~*~*~tactically~*~*~ (hiding).
You rip the net and break free!
2889 ||| Stepping ~*~*~tactically~*~*~ (hiding).
The gnoll hits you from afar with a +0 spear.
The gnoll hits you but does no damage. The gnoll closely misses you.
The gnoll barely misses you.
You hit the gnoll but do no damage. You claw the gnoll.
The gnoll is heavily wounded.
The gnoll hits you but does no damage. The gnoll barely misses you.
The gnoll hits you with a +0 spear.
You barely miss the gnoll. You claw the gnoll, but do no damage.
The gnoll is heavily wounded.
You barely miss the gnoll.
The gnoll hits you from afar with a +0 spear.
The gnoll hits you but does no damage. The gnoll hits you with a +0 spear.
You hit the gnoll. Your kick misses the gnoll.
The gnoll is severely wounded.
You hit the gnoll. The gnoll hits you but does no damage.
The gnoll hits you from afar with a +0 halberd.
The gnoll hits you but does no damage.
The gnoll hits you with a +2 flail of draining.
You feel drained.
You barely miss the gnoll. You claw the gnoll. Your peck misses the gnoll.
The gnoll is almost dead.
You hit the gnoll. The gnoll hits you but does no damage.
The gnoll completely misses you.
The gnoll hits you with a +2 flail of draining!
You die...

####.).#...##
#....##...##
#.>.# ###..##
#..# ##..###
#.). ##...##
#..# ###..##
..? ##..##
##.#..#
#.g@###
#..g..#
#....gg.#
#........#
#.........#
...........
...........#
...........#


You could see 4 gnolls.

Vanquished Creatures
  2 adders (D:2)
  2 dart slugs
  3 endoplasms
  A giant cockroach (D:2)
  3 goblins
  3 hobgoblins
  4 jackals (D:2)
  2 quokkas
  7 ball pythons
  6 bats
  3 frilled lizards (D:1)
  2 kobolds
  4 rats
42 creatures vanquished.

Vanquished Creatures (others)
  12 plants (D:1)
12 creatures vanquished.

Grand Total: 54 creatures vanquished

Notes
Turn   | Place    | Note
-------+----------+-------------------------------------------
     0 | D:1      | qw the Tengu Warper began the quest for the Orb.
     0 | D:1      | Reached XP level 1. HP: 12/12 MP: 4/4
     0 | D:1      | 0 ||| qw: Version: 0.1-a-89-g26bdef1
     0 | D:1      | 0 ||| qw: Game counter: 547
     0 | D:1      | 0 ||| qw: Always use a shield: true
     0 | D:1      | 0 ||| qw: God list: Okawaru
     0 | D:1      | 0 ||| qw: Allow faded altars: false
     0 | D:1      | 0 ||| qw: Do Orc after D:15 true
     0 | D:1      | 0 ||| qw: Do second Lair branch before Depths: true
     0 | D:1      | 0 ||| qw: Lair rune preference: random
     0 | D:1      | 0 ||| qw: Plans: Normal
     0 | D:1      | 0 ||| PLANNING D:1-11
   116 | D:1      | Reached XP level 2. HP: 17/17 MP: 6/6
   121 | D:1      | Reached skill level 3 in Axes
   362 | D:1      | 362 ||| Stepping ~*~*~tactically~*~*~ (stealth).
   522 | D:1      | 522 ||| UPGRADING to +0 ring mail.
   532 | D:1      | 532 ||| DROPPING +0 leather armour.
   533 | D:1      | 533 ||| UPGRADING to +0 cloak.
   538 | D:1      | 538 ||| READING 2 scrolls labelled KOLOAJ FEETEDU.
   539 | D:1      | 539 ||| READING scroll labelled KEEFEL EFF.
   540 | D:1      | 540 ||| READING scroll labelled MUJORCHAMMO.
   541 | D:1      | 541 ||| READING scroll labelled KEETOILYAF.
   542 | D:1      | 542 ||| DRINKING 2 viscous pink potions.
   543 | D:1      | 543 ||| DROPPING scroll of blinking.
   544 | D:1      | 544 ||| Stepping randomly (stuck).
   545 | D:1      | 545 ||| Stepping ~*~*~tactically~*~*~ (cloud).
   546 | D:1      | 546 ||| DRINKING potion of curing.
   546 | D:1      | 546 ||| (to cure poison)
   643 | D:2      | Found a faded altar of an unknown god.
   669 | D:2      | Found a shimmering altar of Xom.
   680 | D:2      | 680 ||| DROPPING +0 club.
   717 | D:2      | Reached XP level 3. HP: 21/21 MP: 7/7
   749 | D:2      | Reached skill level 4 in Axes
   845 | D:2      | 845 ||| Stepping ~*~*~tactically~*~*~ (hiding).
  1705 | D:2      | 1705 ||| UPGRADING to +0 chain mail.
  1715 | D:2      | 1715 ||| DROPPING +0 ring mail.
  1716 | D:2      | 1716 ||| READING scroll labelled NIHEULA CUACH.
  2041 | D:3      | Found a one-way gate to the infinite horrors of the Abyss.
  2204 | D:3      | Reached XP level 4. HP: 26/26 MP: 8/8
  2392 | D:3      | Found a large runed translucent door.
  2392 | D:3      | Found a large runed translucent door.
  2394 | D:3      | Found a corrupted altar of Lugonu.
  2801 | D:3      | 2801 ||| UPGRADING to +0 pair of gloves.
  2806 | D:3      | 2806 ||| READING scroll labelled JEEBAI TUONIUZ.
  2807 | D:3      | 2807 ||| READING 4 scrolls of identify.
  2807 | D:3      | 2807 ||| IDENTIFYING black potion
  2886 | D:4      | 2886 ||| Stepping ~*~*~tactically~*~*~ (hiding).
  2887 | D:4      | 2887 ||| Stepping ~*~*~tactically~*~*~ (hiding).
  2888 | D:4      | 2888 ||| Stepping ~*~*~tactically~*~*~ (hiding).
  2889 | D:4      | 2889 ||| Stepping ~*~*~tactically~*~*~ (hiding).
  2894 | D:4      | HP: 2/26 [gnoll/+2 flail of draining (6)]
  2895 | D:4      | Mangled by a gnoll

Levels and vault maps discovered:
D:1:      spicycebolla_arrival_clurvy, layout_rooms, grunt_decor_arrowhead,
          minmay_tiny_reverse_x
D:2:      layout_basic, basic_altar, ebering_ecumenical_altar_ruins,
          kennysheep_cluttered_room, kennysheep_path_1
D:3:      due_chaos_kobolds, layout_basic
D:4:      layout_cave_pods, nicolae_dithmenos_shadow_blocks,
          minmay_temple_entry_slanted, uniq_eustachio, uniq_edmund

Skill      XL: |  1  2  3 |
---------------+----------+-----
Axes           | 3 4 |  4.7
Fighting       | |  2.0
Throwing       | |  1.0
Armour         | |  1.1
Dodging        | |  2.1
Spellcasting   | |  2.0
Translocations | |  2.4

Action                   |  1- 3 |  4- 6 || total
-------------------------+-------+-------++-------
Melee: Hand axe          |    56 |    21 ||    77
       Kick              |    16 |     7 ||    23
       Peck              |     5 |     1 ||     6
       Punch             |     1 |       ||     1
Throw: Boomerang         |    30 |       ||    30
  Use: Scroll            |     5 |     2 ||     7
       Potion            |     2 |       ||     2
Armor: Leather armour    |     3 |       ||     3
       Ring mail         |    16 |       ||    16
       Chain mail        |     6 |    18 ||    24
Dodge: Dodged            |    29 |     9 ||    38

Table legend:
 A = Non-vault XP
 B = Vault XP
 C = Vault XP percentage of total XP
 D = Non-vault monster count
 E = Vault monster count
 F = Vault count percentage of total count
                 A         B        C        D         E       F
            +---------+---------+-------+---------+---------+-------
      Total |      90 |       4 |   4.3 |      40 |       2 |   4.8
            +---------+---------+-------+---------+---------+-------
        D:1 |      22 |       4 |  15.4 |      15 |       2 |  11.8
        D:2 |      48 |       0 |   0.0 |      14 |       0 |   0.0
        D:3 |      16 |       0 |   0.0 |       9 |       0 |   0.0
        D:4 |       4 |       0 |   0.0 |       2 |       0 |   0.0
            +---------+---------+-------+---------+---------+-------
